 Dungeon Crawl Stone Soup version 0.31-a0-222-gefeffbb62a (webtiles) character file.

Game seed: 14931778409149815135

49 qw the Chopper (level 3, 0/23 HPs)
             Began as a Gargoyle Fighter on July 4, 2023.
             Slain by Terence
             ... wielding a +0 falchion
              (3 damage)
             ... on level 2 of the Dungeon.
             The game lasted 00:00:29 (606 turns).

qw the Chopper (Gargoyle Fighter)                    Turns: 606, Time: 00:00:29

Health: 0/23       AC: 12    Str: 21    XL:     3   Next: 77%
Magic:  3/3        EV:  9    Int:  8    God:
Gold:   41         SH:  4    Dex:  9    Spells: 2/2 levels left

rFire   . . .        Y - +2 war axe
rCold   . . .        c - +0 buckler
rNeg    + . .        b - +0 scale mail
rPois   inf          g - +0 helmet
rElec   +            j - +0 cloak
rCorr   .            (no gloves)
SInv    .            (no boots)
Will    .....        (no amulet) Stlth
                     (no ring)
HPRegen 0.23/turn    (no ring)
MPRegen 0.08/turn

%: no passive effects
@: no status effects
A: sickness immunity, AC +3, negative energy resistance 1, electricity
resistance, torment resistance 1, petrification resistance
a: no special abilities


You were on level 2 of the Dungeon.
You visited 1 branch of the dungeon, and saw 2 of its levels.

You collected 41 gold pieces.


Innate Abilities, Weirdness & Mutations

You are immune to sickness and miasma.
Your stone body is resilient. (AC +3)
You are immune to poison.
You resist negative energy. (rN+)
You are resistant to electric shocks. (rElec)
You are resistant to unholy torment.
You are immune to petrification.


   Skills:
 - Level 3.2 Fighting
 + Level 3.6 Axes
 - Level 3.2 Armour
 - Level 3.2 Shields


You had 2 spell levels left.
You didn't know any spells.
Your spell library was empty.

Inventory:

Hand Weapons
 k - a +0 mace
 Y - a +2 war axe (weapon)
Armour
 a - a +0 chain mail
 b - a +0 scale mail (worn)
 c - a +0 buckler (worn)
 g - a +0 helmet (worn)
 j - a +0 cloak (worn)
Potions
 d - a potion of might
 f - a potion of invisibility {unknown}

Dungeon Overview and Level Annotations

Branches:
Dungeon (2/15)

Altars:

Annotations:
D:2 Terence


Message History

You kill the adder!
Found a stone staircase leading down.
You see here 6 stones.
Terence and an endoplasm come into view.
Terence is wielding a +0 falchion and wearing a +4 chain mail of fire resistance.
The endoplasm quivers.
You slash the endoplasm!
You kill the endoplasm!
You closely miss Terence. Terence hits you with a +0 falchion.
You barely miss Terence. Terence hits you but does no damage.
You hit Terence but do no damage. Terence hits you but does no damage.
Terence hits you with a +0 falchion.
You slash Terence!
Terence is moderately wounded.
Terence hits you with a +0 falchion!
You hit Terence.
Terence is heavily wounded.
Terence hits you but does no damage. Terence hits you with a +0 falchion.
You hit Terence.
Terence is severely wounded.
Terence hits you but does no damage.
You barely miss Terence.
Terence is severely wounded.
Terence hits you with a +0 falchion!
You hit Terence but do no damage.
Terence is severely wounded.
Terence shouts, "ATTACK!!!"
Terence hits you but does no damage. Terence barely misses you.
You barely miss Terence.
Terence is severely wounded.
Terence hits you with a +0 falchion.
You barely miss Terence.
Terence is severely wounded.
Terence closely misses you.
You barely miss Terence.
Terence is severely wounded.
Terence hits you with a +0 falchion.
You die...

.. ## #. .#
#.##.#####
.........
...?.....
#........
#.@......
#@# #.# #.#
#.#####
##.....##
##.......##
## ##
#.........#
... #.
#..(......#
#..#.
#........>#


You could see Terence.

Vanquished Creatures
  2 adders (D:2)
  A dart slug (D:1)
  3 ball pythons (D:1)
  3 endoplasms
  4 giant cockroaches (D:1)
  3 hobgoblins (D:1)
  3 jackals (D:1)
  A kobold (D:1)
  A quokka (D:1)
  2 bats (D:1)
  A frilled lizard (D:1)
  3 rats (D:1)
27 creatures vanquished.

Notes
Turn   | Place    | Note
-------+----------+-------------------------------------------
     0 | D:1      | qw the Gargoyle Fighter began the quest for the Orb.
     0 | D:1      | Reached XP level 1. HP: 14/14 MP: 1/1
     0 | D:1      | 0 ||| qw: Version: 0.3-a-46-gb1f654a
     0 | D:1      | 0 ||| qw: Game counter: 952
     0 | D:1      | 0 ||| qw: Melee chars always use a shield: true
     0 | D:1      | 0 ||| qw: God list: Okawaru
     0 | D:1      | 0 ||| qw: Allow faded altars: false
     0 | D:1      | 0 ||| qw: Do Orc after clearing Dungeon:15 true
     0 | D:1      | 0 ||| qw: Do second Lair branch before Depths: true
     0 | D:1      | 0 ||| qw: Lair rune preference: random
     0 | D:1      | 0 ||| qw: Goals: Normal, Zot:1-4, Slime:5, God:TSO, Crypt,
                  | Tomb, Abyss, Pan, Hells, Win
     0 | D:1      | 0 ||| PLANNING D:1-11
    75 | D:1      | Reached XP level 2. HP: 8/19 MP: 2/2
   253 | D:1      | Reached skill level 3 in Axes
   342 | D:1      | Reached XP level 3. HP: 18/23 MP: 3/3
   526 | D:1      | 526 ||| UPGRADING to +0 helmet.
   531 | D:1      | 531 ||| UPGRADING to +0 cloak.
   536 | D:1      | 536 ||| READING scroll labelled GOHIERR QYUQO.
   537 | D:1      | 537 ||| READING 2 scrolls labelled LUJEUR PORYUVI.
   538 | D:1      | 538 ||| READING scroll of enchant weapon.
   538 | D:1      | 538 ||| ENCHANTING +1 war axe.
   539 | D:1      | 539 ||| READING scroll labelled TENNOA CUDOI.
   593 | D:2      | Noticed Terence
   602 | D:2      | HP: 2/23 [Terence/+0 falchion (7)]
   606 | D:2      | Slain by Terence

Levels and vault maps discovered:
D:1:      nzn_arrival_settlement, layout_basic
D:2:      layout_rooms, serial_bayou_lagoon_a, uniq_terence

Skill      XL: |  1  2 |
---------------+-------+-----
Axes           | 2 3 |  3.6
Fighting       | |  3.2
Armour         | |  3.2
Shields        | |  3.2

Action                     || total
---------------------------++-------
  Melee: War axe           ||    77
    Use: Scroll            ||     4
 Armour: Scale mail        ||    35
  Dodge: Dodged            ||    32
  Block: Buckler           ||     9

Table legend:
 A = Non-vault XP
 B = Vault XP
 C = Vault XP percentage of total XP
 D = Non-vault monster count
 E = Vault monster count
 F = Vault count percentage of total count
                 A         B        C        D         E       F
            +---------+---------+-------+---------+---------+-------
      Total |      71 |       0 |   0.0 |      27 |       0 |   0.0
            +---------+---------+-------+---------+---------+-------
        D:1 |      42 |       0 |   0.0 |      24 |       0 |   0.0
        D:2 |      29 |       0 |   0.0 |       3 |       0 |   0.0
            +---------+---------+-------+---------+---------+-------
